 Dungeon Crawl Stone Soup version 0.30.0-5-g1a98f26d00 (webtiles) character file.

Game seed: 16205782284549455532

24 cheesebisquit the Ruffian (level 3, -2/31 HPs)
             Began as a Ghoul Monk on May 9, 2023.
             Constricted to death by Natasha (7 damage)
             ... on level 2 of the Dungeon.
             The game lasted 00:01:52 (568 turns).

cheesebisquit the Ruffian (Ghoul Monk)               Turns: 568, Time: 00:01:53

Health: -2/31      AC:  3    Str: 16    XL:     3   Next: 2%
Magic:  2/2        EV:  9    Int:  5    God:
Gold:   27         SH:  0    Dex: 11    Spells: 2/2 levels left

rFire   . .          .
                       - Unarmed
rCold   + . .        c - orb {light}
rNeg    + + +        a - +1 robe
rPois   ∞            (no helmet)
rElec   .            (no cloak)
rCorr   .            (no gloves)
SInv    .            (no boots)
Will    .....        (no amulet)
Stlth   +            (no ring)
HPRegen 0.00/turn    (no ring)
MPRegen 0.08/turn

%: no passive effects
@: about to teleport, grasped by roots, inhibited regen, slowed, glowing,
constricted, very slow
A: claws 1, cold resistance 1, negative energy resistance 3, inhibited
regeneration, torment resistance 2, devour on kill
a: no special abilities


You were on level 2 of the Dungeon.
You visited 1 branch of the dungeon, and saw 2 of its levels.

You collected 27 gold pieces.

Inventory:

Armour
 a - a +1 robe (worn)
 c - an orb of light (worn)
Scrolls
 b - a scroll of enchant armour
 d - a scroll of teleportation
 e - a scroll of identify {unknown}
 f - a scroll of magic mapping {unknown}


   Skills:
 - Level 3.2 Fighting
 - Level 2.6 Dodging
 + Level 4.5 Unarmed Combat


You had 2 spell levels left.
You didn't know any spells.
Your spell library contained the following spells:

 Spells                   Type           Power      Damage    Failure   Level
 Ozocubu's Armour         Ice            0%         N/A       85%         3
 Ozocubu's Refrigeration  Ice            0%         4d7       100%        7


Dungeon Overview and Level Annotations

Branches:
Dungeon (2/15)

Altars:

Annotations:
D:2 Natasha


Innate Abilities, Weirdness & Mutations

You are immune to poison.
You have sharp fingernails.
Your flesh is cold resistant. (rC+)
You are immune to negative energy. (rN+++)
You do not regenerate when monsters are visible.
You are immune to unholy pain and torment.
You thrive by killing the living.


Message History

The adder bites you.
You have reached level 3!
Your experience leads to an increase in your attributes!
Increase (S)trength, (I)ntelligence, or (D)exterity?
You feel stronger. x2
You barely miss the adder. The adder barely misses you. x2
You closely miss the adder. The adder bites you.
Natasha zaps a wand.
The roots erupt in riotous growth!
The grasping roots grab you!
The adder is unaffected.
The grasping roots constrict you.
You claw the adder!
The adder is severely wounded.
The adder bites you but does no damage. The grasping roots constrict you.
The adder closely misses you.
Natasha wildly gestures.
Natasha shimmers violently.
The grasping roots constrict you.
You aren't carrying any potions.
Okay, then.
You barely miss the adder.
The adder is severely wounded.
A giant cockroach comes into view.
The adder completely misses you. The grasping roots constrict you.
* * * LOW HITPOINT WARNING * * *
The adder bites you but does no damage. Natasha claws you but does no damage.
The grasping roots constrict you.
* * * LOW HITPOINT WARNING * * *
The grasping roots release their grip on you.
As you read the scroll labelled LELYLE EMMIVA, it crumbles to dust.
It is a scroll of enchant armour.
Your +0 robe glows green for a moment.
The adder bites you but does no damage. Natasha barely misses you.
The adder misses you.
As you read the scroll labelled DOGITI ICKO, it crumbles to dust.
You feel strangely unstable.
It was a scroll of teleportation.
The adder barely misses you.
Natasha zaps a wand.
The roots erupt in riotous growth!
The grasping roots grab you!
Natasha is unaffected.
The adder is unaffected.
The grasping roots constrict you!
You die...

.# #.# #
#####.### #.
#.......## ..#
###........###
..
............+
#.####.###....#
#Bh@Sg........#
#.###J###.....#
.. )=b[)#.....#
...
##r#.##..####
### .. ..#..#
#######..#
.........#
...#####.#####
#.##..


You could see Natasha, an adder, an endoplasm, a giant cockroach and a
hobgoblin.

Vanquished Creatures
  An endoplasm (D:1)
  A giant cockroach (D:2)
  A goblin (D:1)
  A hobgoblin (D:1)
  4 jackals (D:1)
  4 kobolds (D:1)
  A ball python (D:1)
  4 bats
  A frilled lizard (D:1)
  4 rats (D:1)
  2 butterflies (D:1)
24 creatures vanquished.

Notes
Turn   | Place    | Note
-------+----------+-------------------------------------------
     0 | D:1      | cheesebisquit the Ghoul Monk began the quest for the Orb.
     0 | D:1      | Reached XP level 1. HP: 19/19 MP: 0/0
    39 | D:1      | Reached XP level 2. HP: 5/26 MP: 1/1
   207 | D:1      | Reached skill level 4 in Unarmed Combat
   561 | D:2      | Noticed Natasha
   563 | D:2      | Reached XP level 3. HP: 28/31 MP: 2/2
   568 | D:2      | Constricted to death by Natasha

Illustrated notes

Levels and vault maps discovered:
D:1:      spicycebolla_arrival_clurvy, layout_loops_cross, minmay_vboxes
D:2:      layout_loops_corners, minmay_split_cup_large, uniq_natasha

Skill      XL: |  1  2 |
---------------+-------+-----
Unarmed Combat | 4 |  4.5
Fighting       | |  3.2
Dodging        | |  2.6

Action                     || total
---------------------------++-------
  Melee: Unarmed           ||    63
    Use: Potion            ||     1
         Scroll            ||     2
 Armour: Robe              ||    24
  Dodge: Dodged            ||    67
